[Event "FIDE Womens Candidates 2024"]
[Site "Toronto"]
[Date "2024.04.17"]
[Round "11.4"]
[White "Vaishali, Rameshbabu"]
[Black "Goryachkina, Aleksandra"]
[Result "1-0"]
[ECO "B22"]
[WhiteElo "2475"]
[BlackElo "2553"]
[Annotator "TA"]
[PlyCount "139"]
[EventDate "2024.04.02"]
[EventType "tourn"]
[EventCountry "CAN"]
[SourceTitle "playchess.com"]
[Source "ChessBase"]
[SourceQuality "1"]
[TimeControl "40/5400+30:1800+30"]

1. e4 c5 2. c3 Nf6 3. e5 Nd5 4. Bc4 Nb6 5. Bb3 Nc6 6. d4 cxd4 7. cxd4 d5 8. Bc2 {[%emt 0:02:00] now supersedes 8.Nc3. B22: Sicilian: 2 c3.} Nb4 9. Nc3 Bg4 10. Nge2 Bxe2 11. Qxe2 Nxc2+ 12. Qxc2 e6 13. Qd3 $146 ({Predecessor:} 13. a4 Be7 14. f4 g6 15. a5 Nd7 16. Qb3 O-O 17. O-O f5 18. a6 b5 19. Qxb5 {0-1 Beerdsen,T (2482)-Lombaers,P (2375) BEL-chT 1920 2019 (8.4)}) 13... Rc8 14. O-O a6 15. Qg3 g6 16. Bg5 Be7 17. Bh6 Bf8 18. Bg5 Be7 19. Bh6 Rc4 20. Rfd1 Bf8 21. Bg5 Qc7 22. Rac1 Bg7 23. b3 Rc6 24. Ne2 O-O 25. h4 Rc8 26. h5 Rc2 27. Qg4 Qd7 28. Rxc2 Rxc2 29. hxg6 fxg6 30. Nf4 Rc6 31. Rd3 Qf7 32. Qh4 Nd7 33. Rh3 Nf8 34. Be7 Qf5 35. Nd3 Rc3 36. Rf3 Qe4 37. Qh3 Rc6 38. Rf4 Qe2 39. Bf6 h6 40. Bxg7 Kxg7 41. Rxf8 Kxf8 42. Qxh6+ Ke7 43. Qxg6 Qe4 44. Qg7+ Ke8 $2 (44... Kd8 $11 45. Nc5 (45. Qxb7 Qxd3 46. Qxc6 Qd1+ 47. Kh2 Qh5+ 48. Kg3 Qg5+ 49. Kh3 Qh5+ 50. Kg3 Qg6+ 51. Kh4 Qh6+ 52. Kg4 Qg6+ 53. Kf4 Qf5+ 54. Kg3 Qg6+ 55. Kh2 Qh5+ 56. Kg1 Qd1+ $11)) 45. Qg8+ $2 (45. Qxb7 Rc3 46. Qxa6 Qxd3 (46... Rxd3 47. Qc6+ Kd8 48. Qb6+ Ke8 49. Qxe6+ Kd8 50. Qb6+ Kc8 51. Qa6+ Kd8 52. Qf6+ Ke8 53. Qe6+ Kd8 54. Qd6+ Ke8 55. Qe6+ $11) 47. Qxe6+ Kd8 48. Qxd5+ Kc8 49. Qe6+ Kc7 50. Qe7+ Kc8 51. Qf8+ Kc7 52. Qe7+ Kc8 53. Qe8+ Kb7 54. Qd7+ Rc7 55. Qd5+ Rc6 $11) ({Only move:} 45. Nc5 $1 $18 Rxc5 46. Qg8+ (46. dxc5 Qe1+ 47. Kh2 Qxf2 $14) 46... Ke7 47. Qg7+ (47. dxc5 Qe1+ 48. Kh2 Qxe5+ 49. g3 d4 $11) 47... Ke8 48. dxc5 Qe1+ 49. Kh2 Qxf2 50. Qg4 (50. Qxb7 Qh4+ 51. Kg1 Qe1+ 52. Kh2 Qh4+ 53. Kg1 Qd4+ 54. Kh2 Qf4+ 55. g3 Qxe5 $11) (50. Qf6 Qf5 $16)) 45... Ke7 $11 46. Qg7+ $2 (46. Nc5 $11 Qe1+ 47. Kh2 Qxf2 48. Qg5+ Ke8 49. Nxb7 Qxd4 50. Qg8+ (50. Qd8+ Kf7 $11) 50... Ke7 51. Qg7+ (51. Qd8+ Kf7 $11) 51... Ke8 52. Qg8+ Ke7 53. Qg5+ (53. Qd8+ Kf7 $11) 53... Ke8 54. Na5 (54. Qd8+ Kf7 $11)) 46... Ke8 $18 47. Qg8+ $2 ({Worse is} 47. Qxb7 Rc3 48. Qxa6 Qxd3 (48... Rxd3 49. Qxe6+ Kf8 50. Qf6+ Kg8 51. Qe6+ Kg7 52. Qe7+ Kh6 53. Qf8+ Kg6 54. Qg8+ Kh5 55. Qh8+ Kg5 56. Qd8+ Kh5 57. Qh8+ Kg6 58. Qg8+ Kh6 59. Qf8+ Kg6 60. Qf6+ Kh7 61. Qf7+ Kh6 62. Qf8+ $11) 49. Qxe6+ Kd8 50. Qxd5+ Kc7 51. Qa5+ Kb7 52. Qb4+ Ka7 53. Qa5+ Kb7 54. Qb4+ Kc7 55. Qa5+ Kd7 56. Qa7+ Kc8 57. Qa8+ Kd7 58. Qd5+ Kc8 59. Qa8+ Kc7 60. Qa7+ Kd8 61. Qb8+ Kd7 62. Qd6+ Kc8 63. Qf8+ Kd7 64. Qf7+ Kc8 $11) (47. Nc5 $1 $18 Rxc5 48. dxc5 Qe1+ 49. Kh2 Qxf2 50. Qf6 (50. Qxb7 Qh4+ 51. Kg1 Qe1+ 52. Kh2 Qh4+ 53. Kg1 Qd4+ 54. Kh2 Qxe5+ 55. g3 Qe3 $11) 50... Qxc5 51. Qxe6+ Kd8 52. Qg8+ Ke7 53. Qg7+ Ke8 54. Qxb7) 47... Ke7 $11 48. Nc5 Qe1+ 49. Kh2 Qxf2 50. Qg5+ Ke8 51. Nxb7 Qxd4 52. Qg8+ Ke7 53. Qg5+ Ke8 $1 54. Qd8+ Kf7 55. Qf6+ Ke8 $1 56. Qg6+ Ke7 57. Qh7+ Ke8 58. Qg8+ Ke7 59. Qg5+ Ke8 $1 60. Nd6+ Rxd6 61. exd6 Qh8+ 62. Kg3 Qc3+ 63. Kg4 (63. Kh2 $5 Qh8+ $8 64. Kg3 Qc3+ 65. Kg4 Qd4+ 66. Kh3 Qd3+ 67. Kh2 Qh7+ 68. Kg3 Qd3+ 69. Kh4 Qe4+ 70. g4 Qh1+ 71. Kg3 Qg1+ 72. Kf3 Qf1+ 73. Kg3 Qg1+ 74. Kf3 Qf1+ 75. Kg3 Qe1+ 76. Kg2 Qe2+ 77. Kh3 Qf3+ 78. Kh2 Qf2+ 79. Kh3 Qf1+ 80. Kg3 $11) 63... Qb4+ 64. Qf4 d4 $2 {[%emt 0:01:13][%mdl 8192] [#]} (64... Qa5 $11) 65. Qe5 $1 $18 d3+ 66. Kf3 Kf7 67. d7 Qb7+ {[%emt 0:01:32] [#]} 68. Qe4 $1 d2 69. d8=N+ ({Less strong is} 69. Qxb7 d1=Q+ 70. Ke3 Qc1+ 71. Kd4 Ke7 $16) (69. d8=Q $142 Qd5 70. Qdxd5 exd5 71. Qxd5+ Kf6 72. Qxd2 Ke7 73. a4 Kf6 74. Qd6+ Kf7 75. Kf4 (75. Qxa6 Kg7 76. Qe6 Kh7 77. a5 Kh8 78. a6 Kh7 79. a7 Kg7 80. a8=Q Kh7 81. Qag8#)) 69... Kf6 $18 70. Nxb7 1-0

[Event "FIDE Womens Candidates 2024"]
[Site "Toronto"]
[Date "2024.04.18"]
[Round "12.2"]
[White "Lagno, Kateryna"]
[Black "Lei, Tingjie"]
[Result "1/2-1/2"]
[ECO "C02"]
[WhiteElo "2542"]
[BlackElo "2550"]
[Annotator "TA"]
[PlyCount "80"]
[EventDate "2024.04.02"]
[EventType "tourn"]
[EventCountry "CAN"]
[SourceTitle "playchess.com"]
[Source "ChessBase"]
[SourceQuality "1"]
[TimeControl "40/5400+30:1800+30"]

1. e4 e6 2. d4 d5 3. e5 c5 4. c3 Nc6 5. Nf3 Bd7 6. Be2 f6 7. O-O fxe5 8. Nxe5 Nxe5 9. dxe5 Qc7 10. Bf4 Ne7 11. c4 O-O-O 12. Nd2 {[%emt 0:18:29] White is slightly better.} h6 13. Bg3 Nf5 14. Nf3 (14. cxd5 $15 Nxg3 15. hxg3 exd5 16. Nf3) 14... Bc6 $17 15. cxd5 Bxd5 16. Qa4 Kb8 17. Rfd1 Be7 18. Rac1 (18. Bd3 $17 {is a better defense.} g5 19. Rab1) 18... g5 $19 19. Bd3 Bxf3 20. gxf3 Nd4 $1 {[%emt 0:07:51][%cal Oh6h5] ...h5! would now be deadly.} 21. Kg2 h5 22. h3 g4 23. hxg4 $2 (23. f4 $17 {is the only way for White.}) 23... hxg4 24. f4 {[%emt 0:00:04] [#]} (24. fxg4 Bh4 25. Bg6 Qg7 (25... Bxg3 $2 26. Rxd4 Bxf2 27. Rxd8+ Qxd8 28. Rh1 $19) 26. Rxc5 Bxg3 27. Rxd4 Bxf2 28. Rxd8+ Rxd8 $19) 24... Bh4 $1 25. Be4 Bxg3 26. fxg3 {[%emt 0:00:04] [#]} Nf3 $2 27. Bxf3 $11 {[%emt 0:01:10] The position is equal.} (27. Rxd8+ $2 Qxd8 28. Qd1 Rh2+ 29. Kf1 Rh1+ 30. Ke2 Rxd1 $19) 27... gxf3+ 28. Kxf3 {[%emt 0:00:21] aiming for Rxd8+.} Qh7 29. Qc2 {[%emt 0:03:15] Wards off Rd3+} (29. Rxc5 $2 Qh5+ 30. Ke3 Rxd1 $19) (29. Rxd8+ Rxd8 30. Rf1 Qh2 $17) 29... Qh5+ 30. Ke3 Qg4 31. Rxd8+ Rxd8 {[%emt 0:00:04][%mdl 4096] Endgame. KQR-KQR} 32. Rg1 (32. Qxc5 $2 {loses.} Qxg3+ 33. Ke2 Qg2+ (33... Qxf4 34. Qc7+ Ka8 35. Qxd8#) 34. Ke1 Qd2+ (34... Qxb2 35. Qc7+ Ka8 36. Qxd8#) 35. Kf1 Qxf4+ 36. Ke2 Qd2+ 37. Kf1 a6 $19 (37... Qxb2 38. Qc7+ Ka8 39. Qxd8#)) 32... b6 33. b3 Rd4 34. Qh7 Rxf4 35. gxf4 Qxg1+ {[%emt 0:00:03] KQ-KQ} 36. Kf3 Qd1+ 37. Ke3 Qe1+ 38. Kf3 {[%emt 0:00:04] Strongly threatening Qg8+.} Qd1+ 39. Ke3 {[%emt 0:00:04] Qg8+ is the strong threat.} Qe1+ 40. Kf3 {[%emt 0:00:00] And now Qg8+ would win.} Qd1+ {[%emt 0:00:00] White happily takes the draw.   Weighted Error Value: White=0.15 (very precise) /Black=0.20 (precise) .  Loses game:     	White=1     	---        Missed win:     	---       	Black=1      Mistake:       	White=2     	---        Inaccurate:     	White=3     	---        OK:         	White=8     	Black=15     Best:        	White=5     	Black=3      Strong:       	---       	Black=2} 1/2-1/2

[Event "FIDE Womens Candidates 2024"]
[Site "Toronto"]
[Date "2024.04.18"]
[Round "12.4"]
[White "Goryachkina, Aleksandra"]
[Black "Koneru, Humpy"]
[Result "1/2-1/2"]
[ECO "E05"]
[WhiteElo "2553"]
[BlackElo "2546"]
[Annotator "TA"]
[PlyCount "49"]
[EventDate "2024.04.02"]
[EventType "tourn"]
[EventCountry "CAN"]
[SourceTitle "playchess.com"]
[Source "ChessBase"]
[SourceQuality "1"]
[TimeControl "40/5400+30:1800+30"]

1. d4 Nf6 2. c4 e6 3. Nf3 d5 4. g3 Be7 5. Bg2 O-O 6. O-O dxc4 7. Qc2 a6 8. a4 h6 9. Rd1 {[%emt 0:02:24][%cal Ob1d2][%mdl 1024] White has compensation.} Nc6 10. Bd2 Re8 {[%emt 0:01:09] White has an edge.} 11. e3 Rb8 12. Na3 b5 13. axb5 axb5 14. Ne5 $1 {[%emt 0:01:42] Wards off Bd7} Nxe5 15. dxe5 Nd7 $36 {[%emt 0:03:11][%mdl 2048] Black has good play.} 16. Ba5 $1 Bb7 {[%emt 0:06:33] Prevents Bc6.} 17. Nxc4 bxc4 18. Bxb7 Rxb7 19. Qa4 {[%emt 0:00:31] [#]} Ra7 $1 20. Rxd7 (20. Qxd7 Qxd7 21. Rxd7 Bf8 (21... Bb4 $2 22. Bxb4 Rxa1+ 23. Kg2 $19) 22. Rxc7 Rea8 23. Rxa7 Rxa7 $19) 20... Qb8 {[%emt 0:00:19][%cal Oc4c3] Strongly threatening ...c3!} 21. Rdd1 $2 ({White should play} 21. Qd1 $1 $15) 21... Qa8 $19 {[%emt 0:03:13] Hoping for ...Rb8.} 22. Rd7 Qb8 (22... Bd8 $1 $19 {aiming for ...Ra6.} 23. Ra3 Ra6) 23. Rdd1 {[%emt 0:00:16] [#]} (23. Qxc4 Bb4 (23... Qxb2 24. Qc3 $11) 24. Qf4 (24. Qxb4 Qxb4 25. Bxb4 Rxa1+ 26. Kg2 Rc1 $17) 24... Rf8 (24... Rxa5 25. Qxf7+ Kh8 26. Qxg7#) 25. Qxb4 Qxb4 26. Bxb4 Rxa1+ 27. Kg2 Rb8 $17) (23. Rc1 $11 {keeps the balance.}) 23... Qa8 (23... c3 $1 $17 24. bxc3 Rc8) 24. Rd7 $1 {[%emt 0:00:08] [#]} Qb8 (24... Bd8 $1 $19 {is more deadly. And now ...Ra6 would win.} 25. Ra3 Ra6) 25. Rdd1 {[%emt 0:00:30] Weighted Error Value: White=0.25 (precise) /Black=0.47.  Loses game:     	White=1     	---        Missed win:     	---       	Black=1      Mistake:       	White=2     	Black=2      Inaccurate:     	White=1     	---        OK:         	White=6     	Black=8      Best:        	White=3     	Black=2      Strong:       	White=3     	---} ({Reject} 25. Qxc4 Bb4 (25... Qxb2 26. Qf1 $11) 26. Qf4 (26. Qxb4 Qxb4 27. Bxb4 Rxa1+ 28. Kg2 Rc1 $17) 26... Rf8 (26... Rxa5 27. Qxf7+ Kh8 28. Qxg7#) 27. Qxb4 Qxb4 28. Bxb4 Rxa1+ 29. Kg2 Rb8 $17) 1/2-1/2

[Event "FIDE Womens Candidates 2024"]
[Site "Toronto"]
[Date "2024.04.20"]
[Round "13.1"]
[White "Vaishali, Rameshbabu"]
[Black "Lei, Tingjie"]
[Result "1-0"]
[ECO "B51"]
[WhiteElo "2475"]
[BlackElo "2550"]
[Annotator "TA"]
[PlyCount "133"]
[EventDate "2024.04.02"]
[EventType "tourn"]
[EventCountry "CAN"]
[SourceTitle "playchess.com"]
[Source "ChessBase"]
[SourceQuality "1"]
[TimeControl "40/5400+30:1800+30"]

1. e4 c5 2. Nf3 d6 3. Bb5+ Nd7 4. Ba4 Ngf6 5. O-O e6 6. Re1 {[%emt 0:05:51] B51: Sicilian: Moscow Variation (3 Bb5+) without 3...Bd7.} Be7 7. c3 O-O 8. d4 Qc7 9. Nbd2 Rd8 $146 ({Predecessor:} 9... a6 10. Nf1 b5 11. Bc2 Bb7 12. Bg5 Rac8 13. Rc1 e5 14. Ng3 Rfe8 15. Nf5 Nf8 {1-0 Lammens,T (2250)-Veiga,E (2106) Titled Tuesday intern op 21st July blitz 2020 (10)}) 10. e5 Nd5 11. exd6 Bxd6 12. Ne4 Bf8 13. Bg5 f6 14. Bh4 cxd4 15. cxd4 N7b6 16. Bc2 Nc4 17. Bg3 Nd6 18. Rc1 Qb6 19. Nxd6 Bxd6 20. Qd3 g6 21. Bb3 Bb4 22. Red1 a5 23. Nh4 Kg7 24. a3 Bd6 25. Nf3 Bd7 26. Bxd6 Qxd6 27. Nd2 Bc6 28. Ne4 Qf4 29. Nc5 Re8 30. Re1 Rad8 31. Qh3 f5 32. Rcd1 Qd6 33. Nd3 Nf6 34. Ne5 Be4 35. Qc3 b6 36. f3 Bd5 37. Ba4 Rf8 38. Rc1 Rc8 $1 39. Qd2 ({Much weaker is} 39. Qxc8 Rxc8 40. Rxc8 Bb7 $17) 39... Rfd8 40. Rc3 Rxc3 41. Qxc3 Bb7 42. Rd1 Rc8 43. Qe3 Bd5 44. Kf2 Qb8 45. Rc1 Rxc1 46. Qxc1 Qd8 47. Qe3 Qc7 48. Qc3 Qd8 49. Qe3 Qc7 50. h3 Qd8 51. g4 fxg4 52. hxg4 Bb7 53. Bb3 Bd5 54. Ba4 Bb7 $1 55. Bb3 Bd5 {[%emt 0:00:04] [#]} 56. Bc2 (56. g5 $1 $16 Nh5 57. Bxd5 Qxd5 58. f4) 56... Nd7 $11 57. Nxd7 Qxd7 58. Qe5+ Kg8 $1 59. Kg3 Qc6 60. Be4 Bxe4 61. fxe4 Kf7 (61... h6 $11 {remains equal.}) 62. g5 $16 Qc1 $2 (62... Qc8 $16 63. Qf6+ Kg8) 63. Qf4+ ({Stronger than} 63. Qf6+ Kg8 $11) 63... Qxf4+ 64. Kxf4 a4 65. Ke5 Ke7 66. d5 exd5 67. exd5 1-0

[Event "FIDE Womens Candidates 2024"]
[Site "Toronto"]
[Date "2024.04.20"]
[Round "13.3"]
[White "Tan, Zhongyi"]
[Black "Goryachkina, Aleksandra"]
[Result "1/2-1/2"]
[ECO "D50"]
[WhiteElo "2521"]
[BlackElo "2553"]
[Annotator "TA"]
[PlyCount "58"]
[EventDate "2024.04.02"]
[EventType "tourn"]
[EventCountry "CAN"]
[SourceTitle "playchess.com"]
[Source "ChessBase"]
[SourceQuality "1"]
[TimeControl "40/5400+30:1800+30"]

1. d4 d5 2. c4 e6 3. Nc3 Nf6 4. Bg5 dxc4 5. e3 a6 6. Bxc4 c5 7. dxc5 Qxd1+ 8. Rxd1 Bxc5 9. Ne4 Bb4+ 10. Ke2 Nbd7 11. Nxf6+ gxf6 12. Bh4 b5 13. Bd3 Bb7 {[%emt 0:00:32] Against Be4} 14. f3 Be7 15. Nh3 Ne5 16. Bb1 Ng6 17. Bg3 f5 18. Nf4 Nxf4+ 19. Bxf4 Rg8 20. Kf2 Rd8 21. Rxd8+ Bxd8 {[%emt 0:01:04] The position is equal.} 22. Rd1 Bh4+ 23. Bg3 Bxg3+ 24. hxg3 $11 {[%emt 0:00:08][%mdl 4096] Endgame. KRB-KRB} Ke7 25. Rh1 Rd8 26. Ke2 {[%emt 0:00:13] Prevents Rd2+} Rg8 27. Kf2 Rd8 28. Ke2 {[%emt 0:00:13] Inhibits Rd2+.} Rg8 29. Kf2 Rd8 {[%emt 0:01:03] An uneventful encounter.   Weighted Error Value: White=0.07 (flawless) /Black=0.05 (flawless) .  Inaccurate:     	White=1     	---        OK:         	White=10    	Black=10     Best:        	---       	Black=1} 1/2-1/2

[Event "FIDE Womens Candidates 2024"]
[Site "Toronto"]
[Date "2024.04.21"]
[Round "14.2"]
[White "Lagno, Kateryna"]
[Black "Vaishali, Rameshbabu"]
[Result "0-1"]
[ECO "C78"]
[WhiteElo "2542"]
[BlackElo "2475"]
[Annotator "TA"]
[PlyCount "90"]
[EventDate "2024.04.02"]
[EventType "tourn"]
[EventCountry "CAN"]
[SourceTitle "playchess.com"]
[Source "ChessBase"]
[SourceQuality "1"]
[TimeControl "40/5400+30:1800+30"]

1. e4 e5 2. Nf3 Nc6 3. Bb5 a6 4. Ba4 Nf6 5. d3 b5 6. Bb3 Bc5 7. O-O d6 8. a4 Rb8 9. axb5 axb5 10. c3 O-O 11. Bg5 {[%emt 0:00:15] C78: Ruy Lopez: Archangelsk and Möller Defences.} h6 12. Bh4 g5 13. Nxg5 hxg5 14. Bxg5 Kg7 15. Qf3 $1 Kg6 $146 ({Predecessor:} 15... Rh8 16. Bd5 Bd7 17. b4 Bb6 18. Na3 Qe7 19. Nc2 Nxd5 20. Bxe7 Ndxe7 21. d4 Rh6 {0-1 Quesada Perez,Y (2601)-Bok,B (2607) Saint Louis Spring-A 2023 (6)}) 16. Bh4 $1 Rg8 $1 17. h3 Be6 18. Bd5 Rh8 $1 (18... Bxd5 19. Qf5+ Kh6 (19... Kg7 $2 20. exd5 Rh8 21. Bg5 $18) 20. exd5 $18 (20. Bxf6 $2 Be6 $19)) 19. Qg3+ Kh7 20. Bg5 Qg8 $1 (20... Bxd5 $6 21. exd5 Qg8 (21... Nh5 $2 22. Qh4 $18) 22. dxc6 $16) 21. d4 Nxd4 ({Much weaker is} 21... Nxd5 $6 22. exd5 (22. dxc5 Nde7 $19) 22... Bxd5 23. dxc5 $16) 22. cxd4 (22. Bxf6 $2 {is the wrong capture.} Ne2+ 23. Kh2 Nxg3 $19) 22... Bxd4 23. Bxe6 fxe6 24. Nd2 Qg6 25. Rfc1 Rb7 26. Rc6 Rf8 ({Better is} 26... Bxb2 $11 27. Rb1 Bd4) 27. Qh4+ $14 Kg8 28. Bh6 ({White should try} 28. Ra3 $1 $14) 28... Bxf2+ $1 $11 29. Qxf2 (29. Kxf2 $11 {keeps the balance.} Qxh6 (29... Ng4+ $2 30. Kg1 $18) 30. Qxh6 Ng4+ 31. Ke1 Nxh6 32. Nb3) 29... Qxh6 $17 30. Rf1 Rf7 (30... Nh5 $17 31. Nf3 Rf6) 31. Qg3+ $2 (31. Rc3 $11) 31... Rg7 $19 32. Qf3 $2 (32. Qf2 Qxh3 33. Rc3) 32... Nh5 $2 (32... Qxd2 33. Rc3 Qf4 (33... Qxb2 $2 34. Rd3 $19) 34. Qxf4 exf4 35. Rxf4 Rg6) 33. Rf2 $19 Nf4 34. Kh2 Rb8 35. Nf1 {[%emt 0:00:26] [#]} Kh8 $1 36. Ne3 $2 (36. Kh1 {is tougher.}) 36... Rbg8 $19 37. Rfc2 Qh4 38. g4 Rh7 39. R2c3 Qxh3+ 40. Qxh3 Rxh3+ 41. Kg1 b4 42. Rb3 d5 43. exd5 exd5 44. Kf2 Rf8 45. Rxc7 d4 0-1

[Event "FIDE Womens Candidates 2024"]
[Site "Toronto"]
[Date "2024.04.21"]
[Round "14.4"]
[White "Goryachkina, Aleksandra"]
[Black "Salimova, Nurgyul"]
[Result "1/2-1/2"]
[ECO "C41"]
[WhiteElo "2553"]
[BlackElo "2432"]
[Annotator "TA"]
[PlyCount "118"]
[EventDate "2024.04.02"]
[EventType "tourn"]
[EventCountry "CAN"]
[SourceTitle "playchess.com"]
[Source "ChessBase"]
[SourceQuality "1"]
[TimeControl "40/5400+30:1800+30"]

1. e4 d6 2. d4 Nf6 3. Nc3 e5 4. Nf3 Nbd7 5. Bc4 Be7 6. O-O O-O 7. a4 a5 8. Re1 c6 9. h3 exd4 10. Nxd4 Nc5 11. Nb3 {[%emt 0:05:26] C41: Philidor Defence.} Nfd7 12. Bf4 $146 ({Predecessor:} 12. Nxc5 Nxc5 13. Be3 Be6 14. Qe2 Bxc4 15. Qxc4 b6 16. Rad1 Qc8 17. b3 Qe6 18. Qxe6 fxe6 {½-½ Cao,S (2488)-Tran,T (2306) Asia zt 3.3 Tagaytay City 2013 (5)}) 12... Ne5 13. Bf1 Nxb3 14. cxb3 Be6 15. Ne2 Ng6 16. Bg3 Bh4 (16... Qb6 $1 $15) 17. Bxh4 $11 Qxh4 18. Nd4 Rae8 19. Nf5 Qf6 20. Qxd6 (20. Nxd6 Rd8 21. e5 Nxe5 $17) 20... Qxb2 21. Qc5 Bc8 22. Qxa5 Qxb3 23. Rab1 (23. Nd6 $16 Re5 24. Qd2) 23... Qa3 24. Re3 Qa2 25. Rbe1 (25. Qb4 $16) 25... Re5 26. Qb4 c5 27. Qb5 Bxf5 28. exf5 (28. R3e2 {simplifies} Bd7 29. Rxa2 Bxb5 30. axb5 Re7 31. f3) 28... Rxf5 29. R1e2 Qa1 30. Re8 h6 31. Qd7 Rf6 32. Rxf8+ Nxf8 33. Qc8 Re6 (33... Qxa4 $2 {too greedy.} 34. Re8 $18 (34. Qxc5 Rc6 $17) (34. Qxc5 Rc6 $17)) 34. Rxe6 fxe6 35. Qxc5 Qxa4 36. Qb6 Qc6 37. Qd8 Qd5 38. Qb8 Kf7 39. Qf4+ Ke7 40. Qg4 Kf7 41. Qf4+ Kg8 42. Qb8 Qc6 43. h4 b6 44. h5 Qc5 45. Qe8 Qf5 46. Be2 Qe5 47. Bd3 Qe1+ 48. Bf1 Qd1 49. g3 Qd7 50. Qb8 Qd4 51. Qe8 Qd5 52. Bb5 Qf5 53. Be2 Qe4 54. Bb5 Qf3 55. Bc4 Qd1+ 56. Kg2 Qg4 57. Qc6 Qxh5 58. Bxe6+ Nxe6 59. Qxe6+ Qf7 1/2-1/2